[ PARTIDA AOE2 · #506819252 ]
UnrankedMuiscas vs Shu
Equipo del jugador · VICT
Equipo rival · DERR
[ ANÁLISIS DE REPETICIÓN · EXTRAÍDO DE LA PARTIDA GRABADA ]
Feudal
10:07
Castillos
—
Imperial
—
| APM promedio | 68.8 |
| APM pico | 125 |
| eAPM promedio | 16.5 |
| Aldeanos / militares | 22 / 0 |
Foco
⚔️ 21.2% · 🌾 78.8%
Feudal
—
Castillos
—
Imperial
—
| APM promedio | 82.5 |
| APM pico | 130 |
| eAPM promedio | 31.2 |
| Aldeanos / militares | 29 / 3 |
Foco
⚔️ 45.8% · 🌾 54.2%
Militia ×3
Mapa de la partida
Recursos iniciales + cada clic de construcción. Líneas = muros · curvas = relieve. ◆ oro · ⬟ piedra · ● bayas · ✦ reliquia · ◌ hueco del cierre
Tu base
Base de fourloko
Terreno inicial suavizado · ◌ = hueco del cierre detectado · pasá el cursor para detalles
Inputs por minuto
— m0re - - fourloko
Build order — m0re
37 acciones detectadas en el replay
| 0:00 | Encolar | Villager (Male) |
| 0:00 | Encolar | Villager (Male) |
| 0:03 | Construir | House |
| 0:04 | Construir | House |
| 0:08 | Encolar | Villager (Male) |
| 0:08 | Encolar | Villager (Male) |
| 1:23 | Encolar | Villager (Male) |
| 1:50 | Encolar | Villager (Male) |
| 1:58 | Construir | Settlement |
| 2:20 | Encolar | Villager (Male) |
| 2:47 | Encolar | Villager (Male) |
| 3:13 | Encolar | Villager (Male) |
| 3:14 | Encolar | Villager (Male) |
| 3:58 | Encolar | Villager (Male) |
| 3:58 | Encolar | Villager (Male) |
| 4:23 | Construir | House |
| 4:26 | Construir | Palisade Wall |
| 4:48 | Encolar | Villager (Male) |
| 5:24 | Construir | Settlement |
| 5:26 | Encolar | Villager (Male) |
| 5:27 | Encolar | Villager (Male) |
| 5:48 | Encolar | Villager (Male) |
| 5:52 | Encolar | Villager (Male) |
| 5:58 | Encolar | Villager (Male) |
| 6:38 | Encolar | Villager (Male) |
| 6:58 | Encolar | Villager (Male) |
| 7:13 | Investigar | Loom |
| 7:13 | Investigar | Loom |
| 7:41 | Investigar | Feudal Age |
| 8:14 | Construir | Palisade Wall |
| 9:45 | Construir | Palisade Wall |
| 9:46 | Construir | Palisade Wall |
| 9:58 | Encolar | Villager (Male) |
| 9:58 | Encolar | Villager (Male) |
| 10:07 | Edad | Edad Feudal |
| 10:08 | Construir | Market |
| 10:09 | Construir | Blacksmith |
Build order — fourloko
49 acciones detectadas en el replay
| 0:00 | Encolar | Villager (Male) |
| 0:00 | Encolar | Villager (Male) |
| 0:01 | Encolar | Villager (Male) |
| 0:01 | Encolar | Villager (Male) |
| 0:02 | Construir | House |
| 0:03 | Construir | House |
| 1:27 | Encolar | Villager (Male) |
| 1:27 | Encolar | Villager (Male) |
| 1:48 | Encolar | Villager (Male) |
| 1:49 | Encolar | Villager (Male) |
| 1:58 | Construir | Lumber Camp |
| 2:22 | Encolar | Villager (Male) |
| 2:22 | Encolar | Villager (Male) |
| 2:50 | Encolar | Villager (Male) |
| 2:54 | Encolar | Villager (Male) |
| 2:54 | Encolar | Villager (Male) |
| 3:29 | Encolar | Villager (Male) |
| 3:29 | Encolar | Villager (Male) |
| 3:49 | Construir | House |
| 4:01 | Encolar | Villager (Male) |
| 4:01 | Encolar | Villager (Male) |
| 4:23 | Encolar | Villager (Male) |
| 4:23 | Encolar | Villager (Male) |
| 4:35 | Construir | Barracks |
| 5:14 | Construir | House |
| 5:18 | Construir | House |
| 5:24 | Encolar | Villager (Male) |
| 5:37 | Encolar | Militia |
| 5:37 | Encolar | Militia |
| 5:37 | Encolar | Militia |
| 5:51 | Encolar | Villager (Male) |
| 6:32 | Encolar | Villager (Male) |
| 6:35 | Encolar | Villager (Male) |
| 6:37 | Construir | House |
| 6:59 | Construir | Palisade Wall |
| 7:06 | Construir | House |
| 7:27 | Encolar | Villager (Male) |
| 7:29 | Construir | Palisade Wall |
| 7:48 | Encolar | Villager (Male) |
| 7:52 | Construir | Mill |
| 8:17 | Encolar | Villager (Male) |
| 8:47 | Construir | Mill |
| 8:48 | Encolar | Villager (Male) |
| 8:53 | Construir | Palisade Wall |
| 9:34 | Encolar | Villager (Male) |
| 9:36 | Encolar | Villager (Male) |
| 9:58 | Construir | Farm |
| 9:59 | Construir | Farm |
| 10:00 | Construir | Farm |
Cronología de la partida
| 4:26 | m0re · wall_segment Palisade Wall x6 |
| 4:35 | fourloko · first_building Barracks |
| 6:59 | fourloko · wall_segment Palisade Wall x6 |
| 7:29 | fourloko · wall_segment Palisade Wall x1 |
| 8:14 | m0re · wall_segment Palisade Wall x8 |
| 8:53 | fourloko · wall_segment Palisade Wall x11 |
| 9:45 | m0re · wall_segment Palisade Wall x1 |
| 9:46 | m0re · wall_segment Palisade Wall x1 |
| 10:07 | m0re · age_up feudal |
| 10:12 | fourloko · resign |
[ ANÁLISIS IA · 1 CRÉDITO ]
¿Qué pasó realmente en esta partida?
Wolo.gg analiza cada decisión: build order, eco, micro, errores típicos por bracket. Análisis personalizado por WhatsApp o Discord en 30 segundos.
Guía civ
Muiscas
Perfil
Jugador #279036